Map: Catalyst LE

Players

Walkiron

  • Race: Protoss Protoss
  • League: Gold
  • Spawn Location: 5:00

xxheyxx - Winner!

  • Race: Terran Terran
  • League: Gold
  • Spawn Location: 11:00

VOD

Have the link to the VOD?

Description

Time

  • Played on: Feb. 18, 2018, 3 a.m.
  • Length: 12:30
Show
View Real Time Build Order
Export as new Build Order

Walkiron Protoss 

Build Orders: Cannon Rush 

Get SALT Encoding   

  12  0:02  Probe  
  13  0:14  Probe (Chrono Boost)  
  13  0:18  Pylon  
  14  0:26  Probe (Chrono Boost)  
  15  0:35  Probe (Chrono Boost)  
  15  0:40  Gateway  
  16  0:45  Probe  
  17  0:52  Assimilator  
  17  1:05  Pylon  
  17  1:08  Forge  
  17  1:31  Probe  
  18  1:41  Photon Cannon  
  18  1:43  Probe  
  18  1:44  Photon Cannon  
  19  1:49  Photon Cannon  
  19  1:56  Probe (Chrono Boost)  
  20  2:08  Cybernetics Core  
  20  2:33  Pylon  
  20  2:37  Photon Cannon  
  20  2:52  Assimilator  
  20  2:57  Shield Battery  
  20  3:00  Shield Battery  
  20  3:01  Warp Gate (Chrono Boost)  
  20  3:02  Probe  
  21  3:20  Nexus, Photon Cannon  
  21  3:35  Pylon  
  21  3:53  Shield Battery  
  21  3:54  Shield Battery  
  21  4:04  Robotics Facility  
  21  4:06  Robotics Facility  
  21  4:21  Probe (Chrono Boost)  
  22  4:30  Probe (Chrono Boost)  
  23  4:31  Stargate x2  
  23  4:40  Probe (Chrono Boost)  
  24  4:45  Probe (Chrono Boost)  
  24  4:46  Assimilator  
  24  4:48  Assimilator  
  24  4:52  Probe (Chrono Boost)  
  26  4:56  Probe (Chrono Boost)  
  26  4:58  Probe (Chrono Boost)  
  28  5:01  Probe (Chrono Boost)  
  28  5:05  Assimilator  
  29  5:07  Assimilator  
  29  5:17  Probe x2  
  29  5:19  Pylon  
  31  5:26  Oracle  
  34  5:30  Probe (Chrono Boost)  
  34  5:34  Probe (Chrono Boost)  
  36  5:40  Probe (Chrono Boost)  
  38  5:44  Probe (Chrono Boost)  
  38  5:54  Probe  
  38  5:55  Probe  
  40  6:01  Void Ray  
  44  6:07  Probe x2  
  44  6:08  Pylon  
  30  6:19  Probe  
  30  6:25  Void Ray  
  35  6:28  Probe (Chrono Boost)  
  35  6:32  Probe (Chrono Boost)  
  37  6:39  Probe (Chrono Boost)  
  39  6:40  Probe (Chrono Boost)  
  39  6:44  Probe (Chrono Boost)  
  39  6:45  Probe (Chrono Boost)  
  40  6:49  Void Ray (Chrono Boost)  
  45  7:01  Probe x2  
  47  7:11  Phoenix (Chrono Boost)  
  47  7:13  Probe  
  47  7:14  Probe  
  51  7:25  Probe  
  51  7:26  Probe  
  53  7:34  Void Ray (Chrono Boost)  
  57  7:38  Probe x2, Oracle (Chrono Boost)  
  62  7:54  Pylon  
  62  7:58  Probe, Pylon  
  62  8:01  Probe  
  62  8:10  Probe  
  62  8:12  Void Ray  
  62  8:23  Probe x2  
  64  8:31  Void Ray  
  68  8:53  Nexus  
  68  8:54  Pylon  
  68  8:56  Assimilator  
  68  9:01  Assimilator  
  68  9:03  Void Ray (Chrono Boost)  
  72  9:14  Void Ray (Chrono Boost)  
  76  9:25  Pylon  
  76  9:41  Void Ray (Chrono Boost)  
  80  9:48  Void Ray  
  84  9:59  Photon Cannon  
  84  10:03  Probe x2  
  86  10:08  Probe  
  87  10:15  Probe x2  
  87  10:18  Void Ray  
  90  10:31  Void Ray  
  62  10:51  Probe x3, Gateway x2  
  62  10:54  Gateway  
  61  11:01  Void Ray  
  61  11:03  Probe x3  
  68  11:09  Pylon  
  64  11:12  Pylon  
  64  11:15  Probe  
  64  11:17  Void Ray  
  69  11:25  Gateway x2  
  69  11:45  Immortal  
  69  11:47  Nexus  
  73  11:49  Assimilator  
  73  11:53  Phoenix  
  75  11:54  Assimilator  
  75  11:57  Pylon  
  75  11:59  Stalker x3  
  75  12:00  Stalker  
  83  12:13  Robotics Bay  
Show
View Real Time Build Order
Export as new Build Order

xxheyxx Terran - Winner!

Build Orders: MMM Bio 

Get SALT Encoding   

  12  0:01  SCV  
  13  0:13  SCV  
  14  0:19  Supply Depot  
  14  0:25  SCV  
  15  0:29  Refinery  
  15  0:41  Barracks  
  15  0:46  SCV  
  16  0:58  SCV  
  17  1:10  SCV  
  18  1:22  SCV, Refinery  
  19  1:30  Factory  
  19  1:36  Supply Depot  
  19  1:46  Barracks Tech Lab  
  20  1:49  Orbital Command  
  19  2:05  Supply Depot  
  19  2:21  Marine  
  20  2:26  SCV  
  21  2:38  SCV  
  22  2:50  SCV  
  22  2:56  Starport  
  22  3:00  Siege Tank  
  22  3:02  SCV  
  22  3:03  Barracks Reactor  
  26  3:14  SCV  
  27  3:21  Barracks  
  27  3:22  Engineering Bay  
  27  3:27  Supply Depot, SCV  
  28  3:39  SCV  
  28  3:40  Starport Reactor  
  29  3:42  Siege Tank  
  32  3:48  Marine  
  32  3:49  Marine  
  34  4:06  Marine  
  34  4:07  Marine  
  34  4:08  Barracks Tech Lab  
  36  4:24  Marine  
  36  4:25  Marine  
  36  4:30  Medivac  
  40  4:33  Widow Mine  
  40  4:36  Combat Shields  
  42  4:42  Marine x2  
  44  4:49  Missile Turret  
  44  5:05  Command Center  
  44  5:10  Missile Turret  
  44  5:13  Marine x2  
  46  5:25  Supply Depot  
  46  5:31  Marine  
  47  5:46  Marine  
  47  5:49  Supply Depot, Marine  
  49  6:04  Marine  
  49  6:07  Marine  
  51  6:22  Marine  
  50  6:29  Viking x2  
  54  6:46  SCV  
  55  6:53  Terran Infantry Weapons Level 1  
  55  6:54  Supply Depot  
  55  6:56  Supply Depot, Stimpack  
  55  6:58  Supply Depot, SCV  
  55  7:00  Medivac x2  
  60  7:07  Orbital Command  
  60  7:11  Siege Tank, SCV  
  64  7:23  SCV  
  64  7:26  Barracks  
  65  7:35  SCV  
  66  7:40  Marauder  
  66  7:42  Marine x2  
  70  8:02  Marauder  
  65  8:12  Viking  
  65  8:13  Viking  
  65  8:16  SCV x2  
  70  8:26  Armory  
  70  8:28  SCV  
  71  8:42  Viking x2  
  71  8:44  Fusion Core  
  75  8:49  Refinery  
  75  9:05  Command Center  
  75  9:12  Barracks Reactor, Viking x2  
  75  9:14  Starport, Refinery  
  75  9:16  Starport  
  79  9:31  SCV x2  
  81  9:39  Supply Depot  
  81  9:43  SCV x2  
  83  9:50  Terran Ship Weapons Level 1  
  83  9:52  Starport Reactor  
  83  9:54  Starport Tech Lab  
  83  9:55  SCV x2  
  85  10:06  Marine x3  
  88  10:07  SCV x2, Marine x2  
  92  10:15  Viking x2  
  92  10:19  SCV x2  
  97  10:24  Marine x3  
  97  10:25  Marine  
  83  11:01  Battlecruiser  
  89  11:04  Viking x2  
  89  11:07  Viking  
  95  11:27  Orbital Command  
  95  11:32  SCV x2  
  97  11:44  SCV x2  
  99  11:51  Refinery  
  99  11:56  SCV x2  
  104  12:08  SCV x2  
  112  12:16  Refinery  
Tags
 
Composition
MMM Bio
League
GoldGold
Matchup
PvT
Spawn Locations
Cross Positions
Add a new tag
Caveats
  • Supply blocks, unpowered buildings, or Contaminate may cause inaccurate times.
  • Supply counts are checked every 10 seconds.